 Dungeon Crawl Stone Soup version 0.17.0-28-g6e173f8 (webtiles) character file.

18 lucasterio the Magician (level 2, -4/17 HPs)
             Began as an Octopode Wizard on Dec 3, 2015.
             Was an Initiate of Sif Muna.
             Slain by a worm (9 damage)
             ... on level 2 of the Dungeon.
             The game lasted 00:04:37 (1279 turns).

lucasterio the Magician (Octopode Wizard)           Turns: 1279, Time: 00:04:37

Health: -4/17      AC:  1    Str:  6    XL:     2   Next: 66%
Magic:  0/6        EV: 12    Int: 20    God:    Sif Muna [......]
Gold:   102        SH:  0    Dex: 10    Spells: 1 memorised, 6 levels left

rFire  . . .     SeeInvis .     k - +0 dagger
rCold  . . .     Clarity  .     (no shield)
rNeg   . . .     SustAt   .     a - +0 hat
rPois  .         Gourm    .     (no amulet)
rElec  .         Spirit   .     (no ring)
rCorr  .         Warding  .     (no ring)
rMut   .         Stasis   .     (no ring)
MR     .....                    (no ring)
Stlth  +++.......               (no ring)
                                (no ring)
                                (no ring)
                                (no ring)

@: very slightly contaminated, not resistant to hostile enchantments, fairly
stealthy
A: almost no armour, amphibious, 8 rings, constrict 8, camouflage 1, gelatinous
body 1
a: Renounce Religion


You were on level 2 of the Dungeon.
You worshipped Sif Muna.
Sif Muna was noncommittal.
You were not hungry.

You visited 1 branch of the dungeon, and saw 2 of its levels.

You collected 102 gold pieces.

Inventory:

Hand Weapons
 i - a +0 whip
 k - a +0 dagger (weapon)
Armour
 a - a +0 hat (worn)
Scrolls
 e - a scroll of enchant weapon {unknown}
 f - 3 scrolls of recharging {unknown}
 h - a scroll of teleportation {unknown}
 l - a scroll of enchant armour {unknown}
 n - a scroll of magic mapping {unknown}
Potions
 g - 2 potions of flight {unknown}
 j - a potion of heal wounds {unknown}
Books
 b - a book of Minor Magic

   Spells                             Type                      Level
   a - Magic Dart                     Conjuration                  1
   b - Blink                          Translocation                2
   c - Call Imp                       Summoning                    2
   d - Repel Missiles                 Charms/Air                   2
   e - Slow                           Hexes                        2
   f - Conjure Flame                  Conjuration/Fire             3
   g - Mephitic Cloud                 Conjuration/Poison/Air       3
Comestibles
 c - a bread ration
 d - a chunk of flesh
 m - a meat ration


   Skills:
 - Level 2.0 Dodging
 - Level 2.6 Stealth
 + Level 3.2 Spellcasting
 * Level 2.0 Conjurations
   Level 1.0 Summonings
   Level 1.0 Translocations


You had 6 spell levels left.
You knew the following spells:

 Your Spells              Type           Power        Failure   Level  Hunger
a - Magic Dart            Conj           ##..         10%         1    None


Dungeon Overview and Level Annotations

Branches:
Dungeon (2/15)

Altars:
Cheibriados
Dithmenos
Fedhas
Sif Muna


Innate Abilities, Weirdness & Mutations

You cannot wear most types of armour.
You are amphibious.
You can wear up to eight rings at the same time.
You can use your tentacles to constrict eight enemies at once.
Your skin changes colour to match your surroundings (Stealth).
Your rubbery body absorbs attacks (AC +1).


Message History

You hit the worm but do no damage. You squeeze the worm, but do no damage.
The worm is heavily wounded.
You constrict the worm. You hit the worm but do no damage.
The worm is heavily wounded.
You constrict the worm. The worm bites you!
Ouch! That really hurt!
* * * LOW HITPOINT WARNING * * *
You are too injured to fight recklessly!
You are too injured to fight recklessly!
Casting: Magic Dart
Confirm with . or Enter, or press ? or * to list all spells.
Aiming: Magic Dart
Press: ? - help, Shift-Dir - straight line, f/p - worm
Aim: a worm (heavily wounded, constricted by you)
The magic dart hits the worm.
The worm is severely wounded.
You constrict the worm. The worm bites you!
Ouch! That really hurt!
You die...

#.#....................'.... ##
#.###.##############...#.... .#
#.# #.# ##...##### .# #.#
#.#############......# .#####.#
#.#........(.##......### .......#
#.#..........##.........
.####..###.#..........##.........
....#......'...........'.........
..#.#.####.#...w@.....##.........
#<#.#.# #.#..........##...(_..♣.
#(..#.# #.#..........####.......
#...#.# #.#..........# #.......
##..#.# #.#..........# ###.....
....#.# #.#..........# ###...
###...# #+#..........# #...
...#..# ............# #.÷.
...#w.# .....######## #...


You could see a worm.

Vanquished Creatures
  2 bats
  3 hobgoblins
  5 kobolds
  A giant newt (D:2)
  4 goblins
  3 rats
18 creatures vanquished.

Notes
Turn   | Place    | Note
--------------------------------------------------------------
     0 | D:1      | lucasterio the Octopode Wizard began the quest for the Orb.
     0 | D:1      | Reached XP level 1. HP: 11/11 MP: 4/4
   393 | D:1      | Reached XP level 2. HP: 17/17 MP: 3/6
   677 | D:2      | Found a deep blue altar of Sif Muna.
   679 | D:2      | Found a blossoming altar of Fedhas.
   680 | D:2      | Found a snail-covered altar of Cheibriados.
   693 | D:2      | Became a worshipper of Sif Muna the Loreminder
   893 | D:2      | Found a shadowy altar of Dithmenos.
  1279 | D:2      | Slain by a worm

Action                   || total
-------------------------++-------
Melee: Unarmed           ||     7
       Dagger            ||     5
 Cast: Magic Dart        ||    46
  Eat: Chunk             ||     1
